AoeStats
← AJ0

Arabian Desert

510866002Analyzed
1v1 RM · 6h ago on Oct 2, 2026· 25m 6s· 2 players
Game mode
Random Map
Map size
Tiny (2 player)
Population
200
Speed
Normal
Resources
Standard
Victory
Conquest
Starting age
Dark Age
Ending age
Imperial Age
RankedLock teamsTeams togetherTeam positionsShared explorationLock speedFull tech treeHidden civsTurbo modeCheats
Victory
Defeat
🇨🇴 Hindustanis · Colombia
1157
+17
🇦🇷 Varangians · Argentina
1178
-17
AJ0
6:06 Loom
8:48 Feudal Age
10:04 Double-Bit Axe
19:04 Castle Age
18:37 Wheelbarrow
17:43 Horse Collar
17:54 Gold Mining
josecai3314
0:44 Loom
10:08 Feudal Age
14:09 Castle Age
Connection lost

Rejoining the realm…

Still unreachable

The connection could not be restored.

Session expired

The server has moved on; the page needs a fresh start.